 Dungeon Crawl Stone Soup version 0.29.1-2-gbd0b4ee654 (webtiles) character file.

Game seed: 2997000267488712603

45 eriqlaplus the Conjurer (level 3, 0/19 HPs)
             Began as a Tengu Conjurer on Nov 1, 2022.
             Slain by a goblin
             ... wielding a +0 dagger
              (4 damage)
             ... on level 2 of the Dungeon.
             The game lasted 00:04:34 (1430 turns).

eriqlaplus the Conjurer (Tengu Conjurer)            Turns: 1430, Time: 00:04:35

Health: 0/19       AC:  2    Str:  7    XL:     3   Next: 64%
Magic:  6/7        EV: 12    Int: 20    God:
Gold:   107        SH:  0    Dex: 12    Spells: 5/6 levels left

rFire   . . .      SeeInvis .   i - +0 dagger
rCold   . . .      Faith    .   o - orb {*Rage}
rNeg    . . .      Spirit   .   a - +0 robe
rPois   .          Reflect  .   (helmet restricted)
rElec   .          Harm     .   (no cloak)
rCorr   .          Rampage  .   (no gloves)
Will    .....      Rage     20% (boots unavailable)
Stlth   ++........              (no amulet)
HPRegen 0.06/turn               n - ring of wizardry
MPRegen 0.10/turn               (no ring)

@: no status effects
A: beak, talons 3
a: no special abilities


You were on level 2 of the Dungeon.
You visited 1 branch of the dungeon, and saw 2 of its levels.

You collected 107 gold pieces.

Inventory:

Hand Weapons
 i - a +0 dagger (weapon)
Armour
 a - a +0 robe (worn)
 o - an orb of wrath (worn)
Jewellery
 n - a ring of wizardry (left hand)
Scrolls
 c - a scroll of brand weapon {unknown}
 e - a scroll of blinking {unknown}
 f - 3 scrolls of identify {unknown}
 l - a scroll of amnesia {unknown}
 m - a scroll of noise {unknown}
Potions
 b - a potion of magic
 d - a potion of cancellation {unknown}
 g - 2 potions of resistance {unknown}
 h - 2 potions of curing {unknown}
 j - a potion of invisibility {unknown}
 k - a potion of heal wounds {unknown}
 p - a potion of haste {unknown}


   Skills:
 + Level 2.3 Dodging
 + Level 2.2 Stealth
 + Level 2.2 Spellcasting
 + Level 6.6 Conjurations


You had 5 spell levels left.
You knew the following spells:

 Your Spells              Type           Power      Damage    Failure   Level
a - Magic Dart            Conj           100%       1d8       1%          1

Your spell library contained the following spells:

 Spells                   Type           Power      Damage    Failure   Level
 Searing Ray              Conj           56%        2d6       1%          2
 Dazzling Flash           Conj/Hex       30%        N/A       4%          3
 Fulminant Prism          Conj/Hex       7%         3d7       16%         4
 Iskenderun's Mystic Bla  Conj/Tloc      15%        2d5       16%         4


Dungeon Overview and Level Annotations

Branches:
Dungeon (2/15)

Altars:

Shops:
D:1 *


Innate Abilities, Weirdness & Mutations

You have a beak for a mouth.
You have claws for feet.


Message History

Found 6 stones. 2 orcs and 2 hobgoblins come into view.
Found an inky potion and 5 stones.
The orc shouts! x2; You hear a shout!
The hobgoblin shouts! x2
You hear a shout! x2
Casting: Magic Dart (safe; 1% risk of failure)
Confirm with . or Enter, or press ? or * to list all spells.
Aiming: Magic Dart (safe; 1% risk of failure)
Press: ? - help, Shift-Dir - straight line, f - orc
Aim: an orc, wielding a +0 club and wearing a +0 leather armour (100% to hit)
The magic dart hits the orc.
The orc is moderately wounded.
A goblin comes into view. It is wielding a +0 dagger.
An orc comes into view. It is wielding a +0 hand axe.
You hit the orc.
The orc is heavily wounded.
You barely miss the orc. You peck the orc, but do no damage.
The orc is heavily wounded.
The orc hits you with a +0 club.
A goblin comes into view. It is wielding a +0 club.
You hit the orc but do no damage. You claw the orc.
The orc is severely wounded.
The goblin hits you with a +0 dagger. The orc hits you with a +0 club.
You completely miss the orc. Your peck misses the orc.
The orc is severely wounded.
The goblin hits you with a +0 dagger. The orc hits you with a +0 club.
You hit the orc but do no damage. You claw the orc, but do no damage.
You peck the orc, but do no damage.
The orc is severely wounded.
The orc hits you with a +0 club.
You closely miss the goblin. The goblin closely misses you.
The orc closely misses you.
You closely miss the goblin. Your kick misses the goblin.
The goblin hits you with a +0 dagger.
* * * LOW HITPOINT WARNING * * *
The orc misses you. The orc barely misses you.
You hit the orc. Your peck misses the orc.
The orc is severely wounded.
The goblin hits you with a +0 dagger.
You die...

..# #.# #.. #.# #.#
# #.#.## #g#g.###.
#@og($$.. #o#go8.#.
#.. #.# .!.(. #.#
#.# ..## #.# ## #.#
... #.# #. ##.# ##
#.## #. #..# #..#
#. #..##########..#
#.
#..............###.


You could see 3 orcs, 2 hobgoblins and 2 goblins.

Vanquished Creatures
  A worm (D:2)
  2 dart slugs (D:2)
  6 bats (D:1)
  An endoplasm (D:2)
  2 giant cockroaches (D:1)
  3 goblins
  2 hobgoblins (D:1)
  5 jackals (D:1)
  A kobold (D:1)
  A quokka (D:1)
  6 ball pythons (D:1)
  5 rats
35 creatures vanquished.

Notes
Turn   | Place    | Note
-------+----------+-------------------------------------------
     0 | D:1      | eriqlaplus the Tengu Conjurer began the quest for the Orb.
     0 | D:1      | Reached XP level 1. HP: 10/10 MP: 4/4
   135 | D:1      | Reached XP level 2. HP: 15/15 MP: 3/6
   381 | D:1      | Reached skill level 6 in Conjurations
   647 | D:1      | Reached XP level 3. HP: 19/19 MP: 4/7
   758 | D:1      | Found Baad's Assorted Antiques.
  1430 | D:2      | Slain by a goblin

Illustrated notes

Levels and vault maps discovered:
D:1:      heliophobic_arrival_ceremonial_halls, layout_rooms, serial_shops, shop
D:2:      layout_basic, dilly_ecumenical_altar_fadedgnrine,
          guppyfry_early_orc_mine

Skill      XL: |  1  2 |
---------------+-------+-----
Conjurations   | 6 |  6.6
Dodging        | |  2.3
Stealth        | |  2.2
Spellcasting   | |  2.2

Action                   || total
-------------------------++-------
Melee: Unarmed           ||     1
       Dagger            ||    11
       Peck              ||     3
       Kick              ||     2
 Cast: Magic Dart        ||    64
Armor: Robe              ||     1
Dodge: Dodged            ||     7
